[Event "*** Titled Tuesday Blitz"]
[Site "Chess.com"]
[Date "2020.11.03"]
[Round "1"]
[White "Vanina1989"]
[Black "Kaua18"]
[Result "1-0"]
[WhiteElo "2602"]
[BlackElo "2288"]
[TimeControl "180+1"]
[EndTime "10:01:18 PST"]
[Termination "Vanina1989 won by resignation"]

1. d4 Nf6 2. c4 e6 3. Nf3 b6 4.
Bf4 Bb7 5. e3 Bb4+ 6. Nfd2 O-O 7. a3 d5 8. axb4 Nbd7 9. Nc3 c6 10. Bd3 Qe7 11. c5 bxc5 12. bxc5 a5 13. Bd6 1-0

[Event "*** Titled Tuesday Blitz"]
[Site "Chess.com"]
[Date "2020.11.03"]
[Round "1"]
[White "emiliochess"]
[Black "Caracternin123"]
[Result "0-1"]
[WhiteElo "2281"]
[BlackElo "2596"]
[TimeControl "180+1"]
[EndTime "10:01:21 PST"]
[Termination "Caracternin123 won by resignation"]

1. d4 Nf6 2. Bf4 d5 3. e3 e6 4.
Bd3 Bd6 5. Bg3 O-O 6. Nd2 c5 7. c3 b6 8. Ngf3 Ba6 9. Bc2 Nc6 10. Ne5 Qc7 11. f4 Rac8 12. Qf3 cxd4 13. Nxc6 dxc3 14. bxc3 Qxc6 15. Rc1 Ba3 0-1

[Event "*** Titled Tuesday Blitz"]
[Site "Chess.com"]
[Date "2020.11.03"]
[Round "1"]
[White "Anna_ChessMate"]
[Black "Kapibara_Warri0r"]
[Result "1-0"]
[WhiteElo "2522"]
[BlackElo "2134"]
[TimeControl "180+1"]
[EndTime "10:02:05 PST"]
[Termination "Anna_ChessMate won by resignation"]

1. d4 Nf6 2. c4 g6 3. g3 Bg7 4.
Bg2 O-O 5. Nc3 d6 6. Nf3 Nc6 7. O-O Bg4 8. d5 Ne5 9. Nxe5 dxe5 10. Qc2 Nd7 11. h3 Bf5 12. e4 1-0

[Event "*** Titled Tuesday Blitz"]
[Site "Chess.com"]
[Date "2020.11.03"]
[Round "1"]
[White "Savva09022009"]
[Black "Promacherr"]
[Result "0-1"]
[WhiteElo "2340"]
[BlackElo "2669"]
[TimeControl "180+1"]
[EndTime "10:02:28 PST"]
[Termination "Promacherr won by checkmate"]

1. e4 e6 2. d4 d5 3. Nc3 Nf6 4. e5 Nfd7 5. f4 c5 6. Nf3 Nc6 7. Be3 Be7 8. Qd2 O-O 9. O-O-O c4 10. g4 b5 11. Ne2 b4 12. f5 Qa5 13. Kb1 c3 14.
Qe1 cxb2 15. Nf4 Nb6 16. Bd3 Na4 17. fxe6 Nc3+ 18. Kxb2 Qa3+ 19. Ka1 Qxa2# 0-1

[Event "*** Titled Tuesday Blitz"]
[Site "Chess.com"]
[Date "2020.11.03"]
[Round "1"]
[White "lucachess49"]
[Black "Goryachkina"]
[Result "1-0"]
[WhiteElo "2338"]
[BlackElo "2626"]
[TimeControl "180+1"]
[EndTime "10:02:36 PST"]
[Termination "lucachess49 won by checkmate"]

1. d4 d5 2. c4 e6 3. Nc3 a6 4. Bf4 dxc4 5. a4 Nc6 6. e3 Na5 7.
Nf3 Bd6 8. Bg5 Ne7 9. Nd2 h6 10. Bh4 c5 11. dxc5 Bxc5 12. Nxc4 Qxd1+ 13. Rxd1 Nxc4 14. Bxc4 Nf5 15. Rd8# 1-0

[Event "*** Titled Tuesday Blitz"]
[Site "Chess.com"]
[Date "2020.11.03"]
[Round "1"]
[White "Dr-Bassem"]
[Black "Atousa1"]
[Result "1-0"]
[WhiteElo "2794"]
[BlackElo "2397"]
[TimeControl "180+1"]
[EndTime "10:02:38 PST"]
[Termination "Dr-Bassem won by resignation"]

1. e4 e5 2. Nf3 Nf6 3. Nxe5 d6 4. Nf3 Nxe4 5. Nc3 Nxc3 6. dxc3 Be7 7. Bd3 Nc6 8. Be3 Be6 9. Qe2 Qd7 10. O-O-O O-O-O 11. Bb5 a6 12. Bxa6 bxa6 13. Qxa6+ Kb8 14. Ne5 dxe5 15. Rxd7 Bxd7 16. Rd1 Bd6 17. Rd5 Nd4 18. cxd4 Bc8 1-0

[Event "*** Titled Tuesday Blitz"]
[Site "Chess.com"]
[Date "2020.11.03"]
[Round "1"]
[White "QuintilianoR"]
[Black "SHIVACalypso"]
[Result "1-0"]
[WhiteElo "2633"]
[BlackElo "2311"]
[TimeControl "180+1"]
[EndTime "10:02:43 PST"]
[Termination "QuintilianoR won by resignation"]

1. d4 e6 2. c4 Nf6 3. Nf3 d5 4. Nc3 Bb4 5. Bg5 h6 6. Bxf6 Qxf6 7. Qa4+ Nc6 8. e3 O-O 9. Rc1 Bd6 10. cxd5 exd5 11. Nxd5 Qg6 12. Nc3 Bf5 13. a3 Rfe8 14. Nh4 Qf6 15. Nxf5 Qxf5 16. Be2 Re6 17. d5 Rg6 18. dxc6 Rxg2 19. Rf1 bxc6 20. Qxc6 1-0

[Event "*** Titled Tuesday Blitz"]
[Site "Chess.com"]
[Date "2020.11.03"]
[Round "1"]
[White "Smirnov_Pavel"]
[Black "MFBerna"]
[Result "1-0"]
[WhiteElo "2849"]
[BlackElo "2427"]
[TimeControl "180+1"]
[EndTime "10:02:45 PST"]
[Termination "Smirnov_Pavel won by checkmate"]

1. d4 Nf6 2. c4 c6 3. Nc3 d5 4.
cxd5 cxd5 5. Bf4 Nc6 6. e3 a6 7. Be2 Bf5 8. Nf3 e6 9. Qb3 Ra7 10. Ne5 Nxe5 11. Bxe5 Bd6 12. Qa4+ Ke7 13. Nb5 axb5 14.
Qxa7 Bb4+ 15. Kf1 Qd7 16. a3 Bd6 17. Bxd6+ Kxd6 18. Qc5# 1-0

[Event "*** Titled Tuesday Blitz"]
[Site "Chess.com"]
[Date "2020.11.03"]
[Round "1"]
[White "infinitegiantkiller"]
[Black "AryanTari"]
[Result "0-1"]
[WhiteElo "2451"]
[BlackElo "2903"]
[TimeControl "180+1"]
[EndTime "10:02:54 PST"]
[Termination "AryanTari won by resignation"]

1. d4 Nf6 2. c4 g6 3. Nc3 d5 4.
Nf3 Bg7 5. e3 O-O 6. Bd3 dxc4 7.
Bxc4 c5 8. O-O cxd4 9. Nxd4 Bd7 10. b3 Nc6 11. Nxc6 Bxc6 12. Bb2 Qa5 13. Ne2 Rad8 14. Qe1 Qg5 15. Ng3 h5 16. f4 Qc5 17. Rc1 Qb6 18. Bd4 Rxd4 19. exd4 Qxd4+ 20. Kh1 h4 21. Ne2 Qe4 22. Qf2 h3 23. Rfe1 Ng4 24. Qf3 hxg2+ 0-1

[Event "*** Titled Tuesday Blitz"]
[Site "Chess.com"]
[Date "2020.11.03"]
[Round "1"]
[White "AliKa2810"]
[Black "Shivagami"]
[Result "1-0"]
[WhiteElo "2575"]
[BlackElo "2253"]
[TimeControl "180+1"]
[EndTime "10:03:03 PST"]
[Termination "AliKa2810 won by resignation"]

1. d4 Nf6 2. c4 c5 3. d5 e6 4.
Nc3 exd5 5. cxd5 d6 6. Nf3 a6 7.
a4 g6 8. h3 Bg7 9. e4 O-O 10. Bd3 Nbd7 11. O-O Qc7 12. Bf4 Rb8 13. Re1 c4 14. Bc2 b5 15. axb5 axb5 16. Nd4 Qc5 17.
Nc6 Qb6 18. Bxd6 Rb7 19. e5 Ne8 20. Ne7+ 1-0

[Event "*** Titled Tuesday Blitz"]
[Site "Chess.com"]
[Date "2020.11.03"]
[Round "1"]
[White "maximnovik"]
[Black "Na_binci"]
[Result "1-0"]
[WhiteElo "2529"]
[BlackElo "2153"]
[TimeControl "180+1"]
[EndTime "10:03:12 PST"]
[Termination "maximnovik won by resignation"]

1. d4 d6 2. c4 g6 3. Nc3 Bg7 4. g3 Nf6 5. Bg2 O-O 6. Nf3 c5 7. O-O Nc6 8. dxc5 dxc5 9. Bf4 Nh5 10. Bg5 Nd4 11. Nd5 Re8 12. e3 Ne6 13. Nxe7+ Rxe7 14. Qxd8+ Nxd8 15. Bxe7 Nc6 16. Bxc5 Bxb2 17. Rab1 Bg7 18. Nd4 Nxd4 19. Bxd4 Rb8 20. Bxa7 1-0

[Event "*** Titled Tuesday Blitz"]
[Site "Chess.com"]
[Date "2020.11.03"]
[Round "1"]
[White "nitpicker"]
[Black "TregubovP"]
[Result "0-1"]
[WhiteElo "2128"]
[BlackElo "2517"]
[TimeControl "180+1"]
[EndTime "10:03:16 PST"]
[Termination "TregubovP won by resignation"]

1. d4 Nf6 2. c4 e6 3. g3 Bb4+ 4. Bd2 Bxd2+ 5. Qxd2 O-O 6. Bg2 d6 7. Nf3 Qe7 8. Nc3 e5 9. Nd5 Nxd5 10. cxd5 e4 11.
Ng5 f5 12. Nh3 c6 13. Nf4 cxd5 14. Nxd5 Qf7 15. Nc3 Nc6 16. O-O-O d5 17. Kb1 Be6 18. Rc1 f4 19. Bxe4 dxe4 20. d5 Bf5 21. dxc6 e3+ 0-1

[Event "*** Titled Tuesday Blitz"]
[Site "Chess.com"]
[Date "2020.11.03"]
[Round "1"]
[White "Nikolakis2014"]
[Black "BlixLT"]
[Result "1-0"]
[WhiteElo "2744"]
[BlackElo "2377"]
[TimeControl "180+1"]
[EndTime "10:03:42 PST"]
[Termination "Nikolakis2014 won by resignation"]

1. Nf3 Nc6 2. c4 e5 3. Nc3 Bb4 4. Qc2 Nf6 5. e3 O-O 6. Nd5 d6 7. a3 Ba5 8. b4 Bb6 9. Bb2 Bg4 10. Bd3 h6 11. Nxf6+ Qxf6 12. Be4 Nd8 13. c5 dxc5 14. bxc5 Ba5 15. Nxe5 Qh4 16. Nc4 1-0

[Event "*** Titled Tuesday Blitz"]
[Site "Chess.com"]
[Date "2020.11.03"]
[Round "1"]
[White "Skatchkov_V"]
[Black "Quiet_Desperation"]
[Result "1-0"]
[WhiteElo "2474"]
[BlackElo "1800"]
[TimeControl "180+1"]
[EndTime "10:03:42 PST"]
[Termination "Skatchkov_V won by resignation"]

1. d4 Nf6 2. c4 e6 3. Nf3 Bb4+ 4. Nbd2 b6 5. a3 Bxd2+ 6. Qxd2 Bb7 7. g3 O-O 8. Bg2 d6 9. O-O Nbd7 10. b4 Ne4 11. Qc2 Qe7 12. Bb2 f5 13. d5 e5 14.
Nh4 Ng5 15. Nxf5 Rxf5 16. Qxf5 Rf8 17. Qc2 Bc8 18. e4 Nf6 19. f4 exf4 20. gxf4 Nh3+ 21. Kh1 Nh5 22. f5 Qh4 23. Bxh3 Qxh3 24. Qg2 Qb3 25. Rac1 g6 26. fxg6 Rxf1+ 27. Rxf1 1-0

[Event "*** Titled Tuesday Blitz"]
[Site "Chess.com"]
[Date "2020.11.03"]
[Round "1"]
[White "Gloomy_Wanderer"]
[Black "orestn"]
[Result "1-0"]
[WhiteElo "2697"]
[BlackElo "2357"]
[TimeControl "180+1"]
[EndTime "10:03:45 PST"]
[Termination "Gloomy_Wanderer won by resignation"]

1. d4 d5 2. c4 e6 3. Nf3 Nf6 4.
g3 Be7 5. Bg2 O-O 6. O-O c6 7. Qc2 Nbd7 8. Nbd2 b6 9. e4 Bb7 10.
e5 Ne8 11. cxd5 cxd5 12. Re1 Rc8 13. Qa4 Bc6 14. Qb3 Nb8 15. Nf1 Qd7 16. Ne3 Ba4 17.
Qd3 Bb5 18. Qd1 Ba4 19. b3 Bc6 20. Bf1 Bb5 21. h4 Bxf1 22. Kxf1 Nc6 23. Bd2 Ba3 24.
Rb1 Nc7 25. Qe2 Bb4 26. Rbc1 Bxd2 27. Qxd2 Na5 28. Ng4 Nb5 29. h5 Rxc1 30. Rxc1 Rc8 31. h6 Rxc1+ 32. Qxc1 Qc6 33. Qg5 1-0

[Event "*** Titled Tuesday Blitz"]
[Site "Chess.com"]
[Date "2020.11.03"]
[Round "1"]
[White "Forantes"]
[Black "Onischuk_V"]
[Result "0-1"]
[WhiteElo "2411"]
[BlackElo "2818"]
[TimeControl "180+1"]
[EndTime "10:03:51 PST"]
[Termination "Onischuk_V won by resignation"]

1. Nf3 g6 2. g3 Bg7 3. d4 Nf6 4.
Bg2 O-O 5. O-O d6 6. c4 Nc6 7.
Nc3 e5 8. d5 Nb8 9. e4 a5 10. a4 Na6 11. Re1 Nd7 12. Be3 Ndc5 13. Qe2 f5 14. exf5 Bxf5 15. Rad1 Qd7 16. Nb5 Rae8 17.
Ng5 b6 18. Bxc5 Nxc5 19. Be4 Nxe4 20. Nxe4 Bg4 21. Qe3 Bf3 22. Ng5 Bh6 23. Rd3 e4 24. Rc3 Bxg5 25. Qxg5 Qh3 0-1

[Event "*** Titled Tuesday Blitz"]
[Site "Chess.com"]
[Date "2020.11.03"]
[Round "1"]
[White "lefonghua"]
[Black "monalize"]
[Result "1-0"]
[WhiteElo "2626"]
[BlackElo "2271"]
[TimeControl "180+1"]
[EndTime "10:04:00 PST"]
[Termination "lefonghua won by resignation"]

1. d4 Nf6 2. c4 d6 3. Nc3 e5 4. e3 Nbd7 5. g3 g6 6. Bg2 Bg7 7. Nge2 c6 8. O-O O-O 9. b4 exd4 10.
Nxd4 Nb6 11. Qb3 d5 12. cxd5 Nbxd5 13. Nxd5 Nxd5 14. Bb2 a5 15. b5 a4 16. Qc4 a3 17.
Bc1 Nb6 18. Qc5 Nd7 19. Qd6 c5 20. Nc6 bxc6 21. bxc6 Nb6 22. Qxd8 Rxd8 23. Rb1 Nc4 24. c7 Bf5 25. Bxa8 1-0

[Event "*** Titled Tuesday Blitz"]
[Site "Chess.com"]
[Date "2020.11.03"]
[Round "1"]
[White "bazar-wokzal"]
[Black "picturesquecheck"]
[Result "1-0"]
[WhiteElo "2521"]
[BlackElo "2130"]
[TimeControl "180+1"]
[EndTime "10:04:02 PST"]
[Termination "bazar-wokzal won by resignation"]

1. e4 c5 2. c3 d5 3. exd5 Qxd5 4.
d4 Nc6 5. Nf3 Bf5 6. dxc5 Qxd1+ 7.
Kxd1 e5 8. Be3 Nf6 9. Bb5 Nd5 10.
Bxc6+ bxc6 11. Nxe5 Nxe3+ 12. fxe3 Bxc5 13. Nxc6 Be4 14.
Nd4 a5 15. Nd2 Bxg2 16. Rg1 Bd5 17. Rxg7 Rb8 18. Kc2 Bf8 19. Rg5 Ba8 20. Re5+ Kd8 21. Rd1 Bh6 22. Nc4 Kc7 23. Rc5+ Kb7 24. Nxa5+ Ka6 25.
Nac6 Bxc6 26. Rxc6+ Rb6 27. Rxb6+ Kxb6 28. Kd3 Re8 29. e4 Rg8 30. Rf1 Rg2 31. Rf6+ 1-0

[Event "*** Titled Tuesday Blitz"]
[Site "Chess.com"]
[Date "2020.11.03"]
[Round "1"]
[White "Frogo47"]
[Black "Guenplen"]
[Result "0-1"]
[WhiteElo "2450"]
[BlackElo "2901"]
[TimeControl "180+1"]
[EndTime "10:04:03 PST"]
[Termination "Guenplen won by resignation"]

1. d4 d5 2. c4 e6 3. Nc3 a6 4.
Nf3 Nf6 5. e3 dxc4 6. Bxc4 b5 7.
Be2 Bb7 8. O-O Nbd7 9. b3 c5 10. Bb2 Bd6 11. Rc1 Qb8 12. h3 O-O 13. a4 b4 14. Nb1 Rd8 15. Nbd2 cxd4 16. Nxd4 Nc5 17. Qc2 Nfe4 18. Rfd1 Bh2+ 19. Kf1 Nxf2 20. Qxc5 Bxg2+ 21. Ke1 Qg3 22. Nf1 Ne4+ 0-1

[Event "*** Titled Tuesday Blitz"]
[Site "Chess.com"]
[Date "2020.11.03"]
[Round "1"]
[White "starworld123"]
[Black "ClydeHillKid"]
[Result "1-0"]
[WhiteElo "2691"]
[BlackElo "2351"]
[TimeControl "180+1"]
[EndTime "10:04:03 PST"]
[Termination "starworld123 won by resignation"]

1. Nf3 d5 2. d4 Nf6 3. c4 e6 4. g3 Be7 5. Bg2 O-O 6. O-O Nbd7 7.
Qc2 c5 8. cxd5 Nxd5 9. e4 Nb4 10.
Qe2 b6 11. Rd1 Ba6 12. Qd2 cxd4 13. Nxd4 Nc5 14. Qxb4 e5 15. Nc3 exd4 16. Rxd4 Ne6 17. Rxd8 Bxb4 18. Rxa8 Rxa8 19. Nd5 Bd6 20. e5 Bc5 21.
Ne7+ Bxe7 22. Bxa8 Kf8 23. Be3 Bc5 24. Bxc5+ bxc5 25. Rc1 Ke7 26. Bd5 1-0

[Event "*** Titled Tuesday Blitz"]
[Site "Chess.com"]
[Date "2020.11.03"]
[Round "1"]
[White "Philosopherrr"]
[Black "Margarita2907"]
[Result "0-1"]
[WhiteElo "2529"]
[BlackElo "2220"]
[TimeControl "180+1"]
[EndTime "10:04:03 PST"]
[Termination "Margarita2907 won by resignation"]

1. Nf3 Nf6 2. b3 d5 3. Bb2 e6 4.
e3 Bd6 5. Ne5 O-O 6. f4 c5 7.
Be2 Nbd7 8. O-O Qc7 9. d4 Ne4 10. c3 f6 11. Nxd7 Bxd7 12. Nd2 Nxd2 13. Qxd2 Rae8 14.
Bh5 Rd8 15. Rae1 Bc6 16. Kh1 e5 17. fxe5 fxe5 18. h3 cxd4 19. cxd4 e4 20. Bc3 Bb5 21. Rxf8+ Rxf8 22. Bb4 Bd3 23. Rc1 Bxb4 0-1

[Event "*** Titled Tuesday Blitz"]
[Site "Chess.com"]
[Date "2020.11.03"]
[Round "1"]
[White "tsaruk_maks"]
[Black "Enriquack"]
[Result "1-0"]
[WhiteElo "2566"]
[BlackElo "2236"]
[TimeControl "180+1"]
[EndTime "10:04:05 PST"]
[Termination "tsaruk_maks won by resignation"]

1. e4 c5 2. Nf3 e6 3. d4 cxd4 4. Nxd4 Nc6 5. Nc3 Qc7 6. Be3 a6 7. a3 Nf6 8. f4 d6 9. Qf3 Be7 10. O-O-O Nxd4 11. Bxd4 e5 12. fxe5 dxe5 13. Qg3 Ng4 14.
Nd5 Bg5+ 15. Kb1 Qd6 16. h3 Bf4 17. Nxf4 exf4 18. Qc3 Nf6 19. e5 1-0

[Event "*** Titled Tuesday Blitz"]
[Site "Chess.com"]
[Date "2020.11.03"]
[Round "1"]
[White "731291"]
[Black "VladimirBugayev"]
[Result "1-0"]
[WhiteElo "2624"]
[BlackElo "2306"]
[TimeControl "180+1"]
[EndTime "10:04:08 PST"]
[Termination "731291 won by resignation"]

1. e4 c6 2. Nc3 d5 3. Nf3 Bg4 4. h3 Bxf3 5. Qxf3 e6 6. d4 Nf6 7. Bd3 Bb4 8. e5 Bxc3+ 9. bxc3 Nfd7 10. Qg4 g6 11. O-O h5 12. Qg3 c5 13. Rb1 c4 14.
Bxg6 Rg8 15. Bg5 Rxg6 16. Bxd8 Rxg3 17. fxg3 Kxd8 18. Rxf7 b6 19. Rh7 Nf8 20. Rxh5 Nbd7 21. Rf1 Ke8 22. Rh8 b5 23. g4 a5 24. g5 b4 25. g6 1-0

[Event "*** Titled Tuesday Blitz"]
[Site "Chess.com"]
[Date "2020.11.03"]
[Round "1"]
[White "Supernotar"]
[Black "dawtonlms"]
[Result "1-0"]
[WhiteElo "2846"]
[BlackElo "2420"]
[TimeControl "180+1"]
[EndTime "10:04:13 PST"]
[Termination "Supernotar won by resignation"]

1. d4 Nf6 2. c4 e6 3. Nf3 Bb4+ 4. Nbd2 Nc6 5. g3 O-O 6. Bg2 Be7 7. O-O d6 8. e4 e5 9. d5 Nb8 10. Ne1 a5 11. Nd3 Ne8 12. f4 exf4 13. gxf4 Na6 14. b3 b6 15. Bb2 Nc5 16. Qe2 Bf6 17. e5 Be7 18. Rae1 Bf5 19. Nxc5 bxc5 20. Ne4 a4 21.
Ng3 Bd7 22. e6 Bc8 23. Nf5 fxe6 24. dxe6 Rb8 25. Nh6+ 1-0

[Event "*** Titled Tuesday Blitz"]
[Site "Chess.com"]
[Date "2020.11.03"]
[Round "1"]
[White "KatarinaOstojic"]
[Black "tdf98pantani"]
[Result "0-1"]
[WhiteElo "2351"]
[BlackElo "2681"]
[TimeControl "180+1"]
[EndTime "10:04:15 PST"]
[Termination "tdf98pantani won by resignation"]

1. d4 Nf6 2. Nf3 g6 3. Bg5 Bg7 4. Nbd2 d6 5. c3 O-O 6. e4 Nc6 7. d5 Nb8 8. Be2 c6 9. c4 Nbd7 10. O-O Nc5 11. Qc2 a5 12. Rac1 h6 13. Bf4 Qb6 14. Be3 Ng4 15. Bf4 Qxb2 16. h3 Qxc2 17. Rxc2 Nf6 18. dxc6 bxc6 19. e5 Ne8 20. exd6 exd6 21.
Nb3 Bf5 22. Rd2 Ne4 23. Rdd1 Nc3 24. Rd2 Nxe2+ 25. Rxe2 Bd3 26. Rfe1 Bxe2 27. Rxe2 c5 28. Rd2 a4 29. Nc1 Rb8 30. Nd3 g5 31. Bg3 f5 32.
Re2 f4 33. Bh2 Rb1+ 34. Nfe1 Nf6 35. f3 Re8 36. Kf1 Rxe2 37. Kxe2 Ra1 38. g3 Rxa2+ 0-1

[Event "*** Titled Tuesday Blitz"]
[Site "Chess.com"]
[Date "2020.11.03"]
[Round "1"]
[White "Alexchess1984"]
[Black "winniethepooh04"]
[Result "1-0"]
[WhiteElo "2559"]
[BlackElo "2228"]
[TimeControl "180+1"]
[EndTime "10:04:18 PST"]
[Termination "Alexchess1984 won by resignation"]

1. e4 e6 2. d4 d5 3. Nd2 c5 4. c3 cxd4 5. cxd4 dxe4 6. Nxe4 Nf6 7. Nxf6+ Qxf6 8. a3 Be7 9. Nf3 h6 10. h4 Nc6 11. Bg5 Qf5 12. Bd3 Qa5+ 13. Bd2 Qb6 14. Bc3 Bf6 15. Bc2 Bd7 16. O-O O-O 17. h5 Ne7 18. Qd3 Nf5 19. g4 Bb5 20. Qe4 Bc6 21. Qf4 Nh4 22. Nxh4 Bxh4 23. Rfe1 Qd8 24. Re5 Qf6 25. Qe3 Bg5 26. Qd3 Rfd8 27. Qh7+ Kf8 28. d5 Bxd5 29. Rxd5 Qf3 30. Qxg7+ Ke8 31. Ba4+ 1-0

[Event "*** Titled Tuesday Blitz"]
[Site "Chess.com"]
[Date "2020.11.03"]
[Round "1"]
[White "serhanberat_ozdemir"]
[Black "baki83"]
[Result "0-1"]
[WhiteElo "2398"]
[BlackElo "2795"]
[TimeControl "180+1"]
[EndTime "10:04:21 PST"]
[Termination "baki83 won by resignation"]

1. e4 d6 2. d4 Nf6 3. Nd2 g6 4. c3 Bg7 5. Ngf3 O-O 6. Bd3 b6 7.
Qe2 Bb7 8. h3 e6 9. O-O Nbd7 10.
Re1 a6 11. Nf1 Nh5 12. Ne3 Nf4 13. Qc2 f5 14. Nf1 Nxd3 15. Qxd3 fxe4 16. Qc2 exf3 17. Rxe6 fxg2 18. Ne3 Kh8 19. d5 Nf6 20. c4 Bc8 21. Nxg2 Bxe6 22. dxe6 Qe7 23. Qe2 Rae8 24. Bg5 Qxe6 25. Qxe6 Rxe6 26. Nf4 Re4 27. f3 Rxc4 28. Re1 Kg8 29. Re7 Rxf4 30. Bxf4 Nd5 31. Re4 Nxf4 0-1

[Event "*** Titled Tuesday Blitz"]
[Site "Chess.com"]
[Date "2020.11.03"]
[Round "1"]
[White "Maghalashvili"]
[Black "KyrgyzFighter"]
[Result "1-0"]
[WhiteElo "2668"]
[BlackElo "2339"]
[TimeControl "180+1"]
[EndTime "10:04:24 PST"]
[Termination "Maghalashvili won by resignation"]

1. Nf3 f5 2. g3 Nf6 3. Bg2 g6 4. O-O Bg7 5. c3 O-O 6. d4 d6 7. Bg5 Qe8 8. Nbd2 e5 9. dxe5 dxe5 10. e4 f4 11. gxf4 exf4 12. Bxf4 Nxe4 13. Bxc7 Nxd2 14. Qxd2 Nc6 15. Bd6 Rf6 16. Rfe1 Qd8 17. Bg3 Bg4 18. Qxd8+ Rxd8 19. Ne5 Nxe5 20. Bxe5 Rf7 21. h3 Bf3 22.
Bxf3 Rxf3 23. Bxg7 Kxg7 24. Re7+ Rf7 25. Rae1 Rd2 26.
R1e2 Rd1+ 27. Kg2 Ra1 28. a3 a6 29. h4 Rb1 30. Rxf7+ Kxf7 31. Kf3 Kf6 32. Kf4 Rh1 33. Kg3 Rg1+ 34. Kf3 Rh1 35. Re4 b5 36. a4 Rb1 37.
axb5 axb5 38. Rb4 h5 39. Rxb5 Rh1 40. Rb4 1-0

[Event "*** Titled Tuesday Blitz"]
[Site "Chess.com"]
[Date "2020.11.03"]
[Round "1"]
[White "BilodeauA"]
[Black "geordie_derraugh"]
[Result "1-0"]
[WhiteElo "2878"]
[BlackElo "2449"]
[TimeControl "180+1"]
[EndTime "10:04:28 PST"]
[Termination "BilodeauA won by resignation"]

1. d4 Nf6 2. Nc3 e6 3. e4 d5 4. e5 Nfd7 5. f4 c5 6. Nf3 Nc6 7. Be3 cxd4 8. Nxd4 Bb4 9. Qd2 O-O 10. a3 Ba5 11.
Be2 Qe7 12. O-O f6 13. exf6 Nxf6 14. b4 Bb6 15. Rae1 Qf7 16. Bf3 Bd7 17. Nce2 Rad8 18. Nxc6 Bxc6 19. Bxb6 axb6 20. Nd4 Ne4 21. Bxe4 dxe4 22.
c3 Bd5 23. Rc1 Rc8 24. Qe3 Rfd8 25. h3 Qd7 26. Rfe1 Qa4 27. c4 Rxc4 28. Rxc4 Bxc4 29. Qxe4 Qxa3 30. Nxe6 Rc8 31. Qe5 1-0

[Event "*** Titled Tuesday Blitz"]
[Site "Chess.com"]
[Date "2020.11.03"]
[Round "1"]
[White "Chessdude1987"]
[Black "Harry_Rakkel"]
[Result "0-1"]
[WhiteElo "2313"]
[BlackElo "2638"]
[TimeControl "180+1"]
[EndTime "10:04:34 PST"]
[Termination "Harry_Rakkel won by checkmate"]

1. e4 c5 2. b3 b6 3. Bb2 Bb7 4. Nc3 Nc6 5. f4 e6 6. Qf3 Nd4 7. Qd3 Ne7 8. Nf3 Nec6 9. O-O-O Be7 10. Nxd4 Nxd4 11. g4 O-O 12. g5 Qc7 13. Qg3 a5 14. Bg2 a4 15. Kb1 axb3 16. cxb3 b5 17. e5 Bxg2 18.
Qxg2 Qa5 19. h4 c4 20. Qe4 b4 21. Na4 cxb3 22. Qxd4 Qxa4 23. axb3 Qxb3 24. f5 Rfc8 25.
f6 Qa2# 0-1

[Event "*** Titled Tuesday Blitz"]
[Site "Chess.com"]
[Date "2020.11.03"]
[Round "1"]
[White "Slovak_fighter2000"]
[Black "grandcoach"]
[Result "1-0"]
[WhiteElo "2506"]
[BlackElo "2093"]
[TimeControl "180+1"]
[EndTime "10:04:39 PST"]
[Termination "Slovak_fighter2000 won by resignation"]

1. d4 Nf6 2. Nf3 d5 3. c4 e6 4. g3 dxc4 5. Qc2 b6 6. Qxc4 Bb7 7. Bg2 c5 8. O-O cxd4 9. Qxd4 Qxd4 10. Nxd4 Bxg2 11. Kxg2 Bc5 12. Nb3 Nbd7 13. Nc3 Ke7 14. Bf4 Rac8 15. Rfd1 Rhd8 16. Rac1 h6 17. Nb5 Nd5 18.
Nxa7 Nxf4+ 19. gxf4 Rc7 20. Nb5 Rcc8 21. Nxc5 Nxc5 22. Kf3 Rxd1 23. Rxd1 Na4 24. Rd2 Rc4 25. b3 Rb4 26. bxa4 Rxa4 27. e3 1-0

[Event "*** Titled Tuesday Blitz"]
[Site "Chess.com"]
[Date "2020.11.03"]
[Round "1"]
[White "IMDT02"]
[Black "ssrija97"]
[Result "1-0"]
[WhiteElo "2542"]
[BlackElo "2175"]
[TimeControl "180+1"]
[EndTime "10:04:40 PST"]
[Termination "IMDT02 won by resignation"]

1. Nf3 d5 2. d4 Nf6 3. e3 Bf5 4. Bd3 Bxd3 5. Qxd3 c6 6. O-O g6 7. c4 Bg7 8. Nc3 O-O 9. b3 Na6 10. Bb2 Nb4 11. Qe2 a5 12. a3 Na6 13. Rac1 Re8 14.
Rfd1 Nc7 15. e4 dxe4 16. Nxe4 Nxe4 17. Qxe4 a4 18. b4 Qd7 19. Ne5 Qe6 20. d5 cxd5 21.
cxd5 Qb6 22. Nc4 Qb5 23. Bxg7 Kxg7 24. Qe5+ Kg8 25. Qxc7 Rac8 26. Qb6 Qd7 27. Ne3 Rxc1 28. Rxc1 Rc8 29. Rxc8+ Qxc8 30. Qc5 Qd7 31. h3 e6 32. d6 h5 33. Qc7 1-0

[Event "*** Titled Tuesday Blitz"]
[Site "Chess.com"]
[Date "2020.11.03"]
[Round "1"]
[White "DinaBelenkaya"]
[Black "almo64"]
[Result "0-1"]
[WhiteElo "2356"]
[BlackElo "2698"]
[TimeControl "180+1"]
[EndTime "10:04:43 PST"]
[Termination "almo64 won by resignation"]

1. e4 c5 2. b4 cxb4 3. d4 d5 4. e5 Nc6 5. a3 Bf5 6. axb4 Nxb4 7. Na3 a6 8. c3 Nc6 9. Qb3 Na5 10. Qa4+ Bd7 11.
Qc2 e6 12. Bd2 Rc8 13. Nf3 h6 14. Bd3 Bxa3 15. Rxa3 Nc4 16. Rb3 Ba4 17. Bc1 Na5 18. Nd2 Nxb3 19. Nxb3 Qb6 20. O-O Qxb3 21. Qe2 Ne7 22. Qg4 Qxc3 23. Bb1 Qxc1 24. Qxg7 Rg8 25. Qf6 Bb5 0-1

[Event "*** Titled Tuesday Blitz"]
[Site "Chess.com"]
[Date "2020.11.03"]
[Round "1"]
[White "brunomorado"]
[Black "GigaQuparadze"]
[Result "0-1"]
[WhiteElo "2440"]
[BlackElo "2868"]
[TimeControl "180+1"]
[EndTime "10:04:44 PST"]
[Termination "GigaQuparadze won by resignation"]

1. d4 Nf6 2. Nc3 d5 3. Bg5 e6 4. e4 dxe4 5. Nxe4 Nbd7 6. g3 Be7 7.
Bxf6 Nxf6 8. Bg2 Nxe4 9. Bxe4 c5 10. Ne2 cxd4 11. Qxd4 Qxd4 12. Nxd4 Bf6 13. O-O-O Ke7 14. Rd2 Rb8 15. Rhd1 e5 16. Nf3 Bg4 17. h4 Rhc8 18. Re1 Kf8 19. Bd5 Re8 20. Rd3 Re7 21.
Nd2 g6 22. Ne4 Bg7 23. Ng5 h6 24. Ne4 f5 25. Nc5 e4 26. Rb3 Bd4 27. Ne6+ Rxe6 28. Bxe6 Bxf2 29. Rf1 e3 30. h5 e2 0-1

[Event "*** Titled Tuesday Blitz"]
[Site "Chess.com"]
[Date "2020.11.03"]
[Round "1"]
[White "IwkooO"]
[Black "ljuks68"]
[Result "0-1"]
[WhiteElo "2649"]
[BlackElo "2354"]
[TimeControl "180+1"]
[EndTime "10:04:46 PST"]
[Termination "ljuks68 won by resignation"]

1. e4 e6 2. d4 d5 3. Nd2 Nf6 4.
e5 Nfd7 5. Bd3 c5 6. c3 Nc6 7. Ne2 cxd4 8. cxd4 f6 9. exf6 Qxf6 10. Nf3 h6 11.
O-O Bd6 12. Ng3 O-O 13. Bc2 Rd8 14. Re1 Nf8 15. Nh5 Qf7 16. Ne5 Nxe5 17. dxe5 Bc5 18.
Bf4 Bd7 19. Qg4 Kh8 20. Rad1 Be8 21. Ng3 Rac8 22. Bd3 Ng6 23. Nh5 Ne7 24. Ng3 Ng6 25. Nh5 Nxf4 26. Be2 Nxe2+ 0-1